 Dungeon Crawl Stone Soup version 0.21.1-1-g345015fe64 (webtiles) character file.

64 Delanovic the Skirmisher (level 4, 0/48 HPs)
             Began as an Ogre Abyssal Knight on June 11, 2018.
             Was a Believer of Lugonu.
             Succumbed to an adder's poison
             ... while paralysed
             ... on level 1 of the Dungeon.
             The game lasted 00:02:54 (1462 turns).

Delanovic the Skirmisher (Ogre Abyssal Knight)      Turns: 1462, Time: 00:02:54

Health: 0/48       AC:  3    Str: 17    XL:     4   Next: 12%
Magic:  6/6        EV:  1    Int: 13    God:    Lugonu [**....]
Gold:   57         SH:  0    Dex:  8    Spells: 3/3 levels left

rFire    + . .     SeeInvis .   a - +1 mace
rCold    . . .     Gourm    .   (no shield)
rNeg     . . .     Faith    .   b - +0 robe
rPois    .         Spirit   .   (helmet restricted)
rElec    .         Reflect  .   (no cloak)
rCorr    .         Harm     .   (gloves unavailable)
MR       .....                  (boots unavailable)
Stlth    +.........             (no amulet)
HPRegen  0.16/turn              f - ring of protection from fire
MPRegen  0.10/turn              (no ring)

@: paralysed, lethally poisoned (0 -> -1), berserk cooldown, flying, slowed
A: large, unfitting armour, tough skin 1
a: Depart the Abyss, Bend Space, Renounce Religion


You were on level 1 of the Dungeon.
You worshipped Lugonu.
Lugonu was pleased with you.
You were not hungry.

You visited 1 branch of the dungeon, and saw 2 of its levels.
You visited the Abyss 1 time.

You collected 57 gold pieces.

Inventory:

Hand Weapons
 a - a +1 mace (weapon)
Armour
 b - a +0 robe (worn)
Jewellery
 f - a ring of protection from fire (left hand)
Scrolls
 d - a scroll of fog {unknown}
 h - 2 scrolls of remove curse {unknown}
Comestibles
 c - 5 rations
 i - a chunk of flesh


   Skills:
 - Level 4.0 Fighting
 + Level 3.0 Maces & Flails
 - Level 2.1 Dodging
 + Level 3.5 Invocations


You had 3 spell levels left.
You didn't know any spells.

Dungeon Overview and Level Annotations

Branches:
Dungeon (2/15)

Altars:


Innate Abilities, Weirdness & Mutations

You are too large for most types of armour.
You have tough skin. (AC +1)


Message History

You closely miss the goblin. The ooze hits you.
* * * LOW HITPOINT WARNING * * *
The goblin barely misses you.
You hit the goblin.
You kill the goblin!
Lugonu accepts your kill. The ooze hits you.
* * * LOW HITPOINT WARNING * * *
You sock the ooze!
You kill the ooze!
Lugonu accepts your kill.
Your Maces & Flails skill increases to level 3!
You are too berserk!
* * * LOW HITPOINT WARNING * * *
You feel sick.
You feel a strong urge to attack something.
You are no longer berserk.
You pass out from exhaustion.
You feel yourself slow down.
You die...

############.##.############
#............##.............
#.##########.##.#####....... #.#
#.##.# #..##### #####.# #.##.#
#..#.PP# #.....####### #.##.#
#..#P..#
#.####......####.##.#####..#P..#
#.####......#..............#####
#...........#..@................
#######......#.)..#..###.........
................>................
.##.........########.###.........
.................................
.##.........######......#########
.##.........# #.[............#
###..#####)###########.....####..
#..###.#.#.#PP...###.....# #..


There were no monsters in sight!

Vanquished Creatures
  2 adders (D:1)
  An ooze (D:1)
  2 dart slugs (D:1)
  2 leopard geckos (D:1)
  3 bats (D:1)
  2 giant cockroaches (D:1)
  8 goblins
  4 hobgoblins (D:1)
  4 jackals (D:1)
  A kobold (D:1)
  A quokka (D:1)
  A rat (D:1)
31 creatures vanquished.

Notes
Turn   | Place    | Note
-------+----------+-------------------------------------------
     0 | Abyss:1  | Delanovic the Ogre Abyssal Knight began the quest for the Orb.
     0 | Abyss:1  | Reached XP level 1. HP: 24/24 MP: 2/2
    17 | Abyss:1  | Found a corrupted altar of Lugonu.
    47 | D:1      | Escaped the Abyss
   351 | D:1      | Reached XP level 2. HP: 23/32 MP: 3/3
   857 | D:1      | Reached XP level 3. HP: 37/39 MP: 5/5
  1453 | D:1      | Reached ** piety under Lugonu
  1453 | D:1      | Reached XP level 4. HP: 5/48 MP: 6/6
  1454 | D:1      | HP: 3/72 [goblin/dagger (1)]
  1456 | D:1      | HP: 1/72 [ooze (1)]
  1462 | D:1      | Succumbed to an adder's poison

Skill      XL: |  1  2  3  4 |
---------------+-------------+-----
Maces & Flails | 2 3 |  3.0
Invocations    | 3 |  3.5
Fighting       | |  4.0
Dodging        | |  2.1

Action                   |  1- 3 |  4- 6 || total
-------------------------+-------+-------++-------
Melee: Mace              |    86 |     4 ||    90
  Use: Potion            |     2 |       ||     2
 Stab: Sleeping          |     1 |       ||     1
  Eat: Chunk             |     2 |       ||     2
Armor: Robe              |    27 |       ||    27
Dodge: Dodged            |    54 |     1 ||    55
